 Dungeon Crawl Stone Soup version 0.31-a0-167-g1c394c0614 (webtiles) character file.

Game seed: 5536207706035707741

3903 qw the Skirmisher (level 10, 0/65 HPs)
             Began as a Gargoyle Hunter on June 13, 2023.
             Killed from afar by an orc wizard (5 damage)
             ... with a magic dart
             ... on level 9 of the Dungeon.
             The game lasted 00:02:46 (6988 turns).

qw the Skirmisher (Gargoyle Hunter)                 Turns: 6988, Time: 00:02:46

Health: 0/65       AC: 11    Str: 14    XL:     10   Next: 20%
Magic:  10/10      EV: 15    Int: 11    God:
Gold:   214        SH:  0    Dex: 23    Spells: 9/9 levels left

rFire   + . .        Y - +1 orcbow
rCold   + . .        (shield currently unavailable)
rNeg    + . .        a - +1 robe of the Lobster {rF+ rCorr}
rPois   inf          g - +1 hat
rElec   +            (no cloak)
rCorr   +            (no gloves)
SInv    .            (no boots)
Will    .....        (no amulet)
Stlth   ++           d - ring of protection from cold
HPRegen 0.30/turn    h - +6 ring of dexterity
MPRegen 0.12/turn

%: no passive effects
@: no status effects
A: sickness immunity, AC +7, negative energy resistance 1, electricity
resistance, torment resistance 1, petrification resistance
a: no special abilities


You were on level 9 of the Dungeon.
You visited 2 branches of the dungeon, and saw 10 of its levels.

You collected 306 gold pieces.
You spent 92 gold pieces at shops.


Innate Abilities, Weirdness & Mutations

You are immune to sickness and miasma.
Your stone body is resilient. (AC +7)
You are immune to poison.
You resist negative energy. (rN+)
You are resistant to electric shocks. (rElec)
You are resistant to unholy torment.
You are immune to petrification.


   Skills:
 - Level 8.5 Fighting
 + Level 11.5 Ranged Weapons
 - Level 3.9 Armour
 - Level 4.0 Dodging
 - Level 1.1 Stealth


You had 9 spell levels left.
You didn't know any spells.
Your spell library was empty.

Inventory:

Hand Weapons
 Y - a +1 orcbow (weapon)
Armour
 a - the +1 robe of the Lobster (worn) {rF+ rCorr}
   (You found it on level 7 of the Dungeon)

   rF:        It protects you from fire.
   rCorr:     It protects you from acid and corrosion.
 g - a +1 hat (worn)
 n - +0 swamp dragon scales
Jewellery
 d - a ring of protection from cold (left hand)
 h - a +6 ring of dexterity (right hand)
Scrolls
 c - 2 scrolls of teleportation
 i - a scroll of identify
Potions
 b - 3 potions of attraction
 e - a potion of haste
 j - a potion of lignification {unknown}
 k - a potion of curing
 l - a potion of might {unknown}

Dungeon Overview and Level Annotations

Branches:
Dungeon (9/15)             Temple (1/1) D:7
   Lair: D:8-11         Orc: D:9-12

Altars:
Ashenzari
Cheibriados
Dithmenos
Elyvilon
Fedhas
Gozag
Hepliaklqana
Kikubaaqudgha
Nemelex Xobeh
Qazlal
Ru
Sif Muna
Trog
Uskayaw
Vehumet
Wu Jian
Xom
Yredelemnul
Zin
The Shining One

Shops:
D:5 *   D:8 *

Annotations:
D:7 exclusions: centaur and orc wizard


Message History

6966 ||| (to cure confusion)
The warg bites you. The orc closely misses you. Something closely misses you.
The orc priest completely misses you.
You shoot an arrow. The arrow hits the warg.
The warg is heavily wounded.
The warg bites you. The orc closely misses you. Something hits you.
The orc priest looks encouraged for a moment.
The warg misses you.
You shoot an arrow. The arrow hits the warg!
You kill the warg!
Your surroundings suddenly seem different.
Found 9 gold pieces.
Autopickup is now on.
You start resting.
A steam dragon comes into view.
6976 ||| READING 3 scrolls of teleportation.
As you read the scroll of teleportation, it crumbles to dust.
You feel strangely unstable.
The steam dragon hisses angrily.
You shoot an arrow.
The arrow hits the steam dragon but does no damage.
The steam dragon breathes steam at you. The ball of steam hits you. You resist.
You start resting.
Your surroundings suddenly seem different.
You start resting.
Something hits you but does no damage.
Deactivating autopickup; reactivate with Ctrl-A.
Autopickup is now on.
You start resting.
Something hits you.
Deactivating autopickup; reactivate with Ctrl-A.
You shoot an arrow. Something hits you but does no damage.
You shoot an arrow. You shoot an arrow.
You hear some strange, mumbled words.
A magic dart appears from out of thin air!
The magic dart hits you.
You die...

...
#..............
...
#...##.......##
..
#...##.......#
#...#........#
#...#........#
#...##.......##
#...##........#
#......{..#
#.....@.#
#########


There were no monsters in sight!

Vanquished Creatures
  An ugly thing (D:8)
  Maggie (D:6)
  A wyvern (D:7)
  3 wargs (D:9)
  An acid dragon (D:8)
  2 ice beasts
  A sky beast (D:8)
  A black bear (D:6)
  2 orc warriors (D:8)
  An ogre (D:5)
  4 centaurs
  3 bullfrogs
  3 scorpions
  5 wights
  A howler monkey (D:6)
  A jelly (D:7)
  6 orc priests
  2 gnoll boudas
  6 iguanas
  Natasha (thrice) (D:4)
  7 orc wizards
  16 gnolls
  6 adders
  2 shadow imps (D:6)
  2 ufetubi (D:6)
  2 worms
  A dart slug (D:3)
  18 orcs
  4 bats
  3 endoplasms
  5 giant cockroaches
  5 goblins (D:1)
  6 hobgoblins
  6 jackals (D:1)
  6 kobolds
  3 quokkas
  7 ball pythons
  A frilled lizard (D:1)
  7 rats
155 creatures vanquished.

Notes
Turn   | Place    | Note
-------+----------+-------------------------------------------
     0 | D:1      | qw the Gargoyle Hunter began the quest for the Orb.
     0 | D:1      | Reached XP level 1. HP: 12/12 MP: 1/1
     0 | D:1      | 0 ||| qw: Version: 0.2-a-29-gc1b59c4
     0 | D:1      | 0 ||| qw: Game counter: 4860
     0 | D:1      | 0 ||| qw: Always use a shield: true
     0 | D:1      | 0 ||| qw: God list: Okawaru
     0 | D:1      | 0 ||| qw: Allow faded altars: false
     0 | D:1      | 0 ||| qw: Do Orc after D:15 true
     0 | D:1      | 0 ||| qw: Do second Lair branch before Depths: true
     0 | D:1      | 0 ||| qw: Lair rune preference: random
     0 | D:1      | 0 ||| qw: Plans: Normal, Zot:1-4, Slime:5, God:TSO, Crypt,
                  | Tomb, Abyss, Pan, Hells, Win
     0 | D:1      | 0 ||| PLANNING D:1-11
   112 | D:1      | Reached XP level 2. HP: 17/17 MP: 2/2
   167 | D:1      | You fall into a shaft and drop 1 floor!
   171 | D:2      | 171 ||| FLEEEEING.
   172 | D:2      | 172 ||| FLEEEEING.
   173 | D:2      | 173 ||| FLEEEEING.
   174 | D:2      | 174 ||| STAIRDANCE
   320 | D:1      | Reached XP level 3. HP: 12/21 MP: 3/3
   475 | D:1      | Reached skill level 5 in Ranged Weapons
   674 | D:1      | 674 ||| UPGRADING to ring of protection from cold.
   675 | D:1      | 675 ||| READING 2 scrolls labelled YBELUR ETEI.
   676 | D:1      | 676 ||| READING scroll labelled OFYROA HYITE.
   677 | D:1      | 677 ||| READING scroll labelled ADGHAY TEXOA.
   678 | D:1      | 678 ||| READING scroll labelled ZASI OKLUKHARE.
   681 | D:1      | 681 ||| READING 2 scrolls labelled LIARANESOX.
   682 | D:1      | 682 ||| DROPPING scroll of noise.
   683 | D:1      | 683 ||| DROPPING scroll of butterflies.
   751 | D:2      | Reached skill level 3 in Fighting
   786 | D:2      | Reached XP level 4. HP: 28/28 MP: 4/4
  1372 | D:2      | 1372 ||| UPGRADING to +1 hat.
  1377 | D:2      | 1377 ||| READING scroll labelled QACLIEVICSUX.
  1378 | D:2      | 1378 ||| READING 2 scrolls labelled GOBUOT GODI.
  1379 | D:2      | 1379 ||| READING scroll of enchant weapon.
  1379 | D:2      | 1379 ||| ENCHANTING +1 shortbow.
  1380 | D:2      | 1380 ||| DRINKING 2 sedimented yellow potions.
  1381 | D:2      | 1381 ||| READING 2 scrolls of identify.
  1381 | D:2      | 1381 ||| IDENTIFYING metallic red potion
  1382 | D:2      | 1382 ||| DROPPING potion of enlightenment.
  1551 | D:3      | Identified the staff of death "Dasy" {rN+ Str+4}
  1809 | D:3      | Found an ornate altar of the Wu Jian Council.
  1809 | D:3      | Found a snail-covered altar of Cheibriados.
  2013 | D:3      | 2013 ||| UPGRADING to +0 ring mail.
  2023 | D:3      | 2023 ||| DROPPING +0 leather armour.
  2024 | D:3      | 2024 ||| DROPPING amulet of magic regeneration.
  2025 | D:3      | 2025 ||| UPGRADING to +6 ring of dexterity.
  2026 | D:3      | 2026 ||| READING 2 scrolls of identify.
  2026 | D:3      | 2026 ||| IDENTIFYING white potion
  2085 | D:4      | Noticed Natasha
  2093 | D:4      | Killed Natasha
  2094 | D:4      | Reached skill level 1 in Armour
  2094 | D:4      | Reached XP level 5. HP: 32/32 MP: 5/5
  2216 | D:4      | Reached skill level 6 in Ranged Weapons
  2266 | D:4      | Found a hide-covered altar of Uskayaw.
  2327 | D:4      | Noticed Natasha
  2329 | D:4      | 2329 ||| Stepping ~*~*~tactically~*~*~ (outnumbered).
  2334 | D:4      | 2334 ||| Stepping ~*~*~tactically~*~*~ (outnumbered).
  2338 | D:4      | Killed Natasha
  2417 | D:4      | Reached XP level 6. HP: 38/38 MP: 6/6
  2521 | D:4      | Noticed Natasha
  2523 | D:4      | Killed Natasha
  2614 | D:4      | 2614 ||| READING scroll labelled ZOXEW DOEFF.
  2615 | D:4      | 2615 ||| DRINKING 2 ruby potions.
  2616 | D:4      | 2616 ||| READING 2 scrolls of identify.
  2616 | D:4      | 2616 ||| IDENTIFYING fizzy red potion
  2617 | D:4      | 2617 ||| DROPPING potion of brilliance.
  2654 | D:5      | Entered Level 5 of the Dungeon
  2707 | D:5      | Found Zadd's Assorted Antiques.
  2715 | D:5      | 2715 ||| SHOPLISTING scorched leather armour (196 gold,
                  | have 54).
  2715 | D:5      | 2715 ||| SHOPLISTING scroll of identify (56 gold, have 54).
  2750 | D:5      | 2750 ||| Stepping ~*~*~tactically~*~*~ (outnumbered).
  2756 | D:5      | Reached skill level 7 in Ranged Weapons
  2801 | D:5      | Reached XP level 7. HP: 43/43 MP: 7/7
  3228 | D:6      | Reached skill level 8 in Ranged Weapons
  3258 | D:6      | 3258 ||| Stepping ~*~*~tactically~*~*~ (outnumbered).
  3263 | D:6      | 3263 ||| Stepping ~*~*~tactically~*~*~ (outnumbered).
  3271 | D:6      | HP: 9/43 [gnoll bouda/+0 club (2)]
  3272 | D:6      | 3272 ||| READING 4 scrolls of teleportation.
  3273 | D:6      | 3273 ||| DRINKING 2 potions of heal wounds.
  3358 | D:6      | 3358 ||| SWAPPING to +0 orcbow.
  3371 | D:6      | 3371 ||| DROPPING +2 shortbow.
  3387 | D:6      | Reached XP level 8. HP: 47/49 MP: 8/8
  3601 | D:6      | Found a sacrificial altar of Ru.
  3736 | D:6      | Reached skill level 9 in Ranged Weapons
  4162 | D:7      | Reached skill level 6 in Fighting
  4163 | D:7      | 4163 ||| Stepping ~*~*~tactically~*~*~ (outnumbered).
  4164 | D:7      | 4164 ||| Stepping ~*~*~tactically~*~*~ (outnumbered).
  4165 | D:7      | Noticed Maggie
  4168 | D:7      | 4168 ||| STAIRDANCE
  4202 | D:7      | 4202 ||| STAIRDANCE
  4217 | D:6      | Killed Maggie
  4301 | D:6      | 4301 ||| UPGRADING to +0 swamp dragon scales.
  4311 | D:6      | 4311 ||| DROPPING +0 ring mail.
  4318 | D:7      | Reached skill level 10 in Ranged Weapons
  4319 | D:7      | 4319 ||| STAIRDANCE
  4401 | D:7      | Reached XP level 9. HP: 55/55 MP: 9/9
  4407 | D:7      | 4407 ||| READING scroll of enchant weapon.
  4407 | D:7      | 4407 ||| ENCHANTING +0 orcbow.
  4415 | D:7      | Identified the +1 robe of the Lobster {rF+ rCorr}
  4527 | D:7      | HP: 4/55 [wyvern (14)]
  4528 | D:7      | 4528 ||| READING 4 scrolls of teleportation.
  4529 | D:7      | 4529 ||| DRINKING potion of heal wounds.
  4704 | D:7      | Reached skill level 3 in Dodging
  4835 | D:7      | Reached skill level 3 in Armour
  4887 | D:7      | Found a staircase to the Ecumenical Temple.
  4888 | D:7      | 4888 ||| PLANNING TEMPLE
  4888 | D:7      | 4888 ||| UPGRADING to +1 robe of the Lobster {rF+ rCorr}.
  4898 | D:7      | 4898 ||| DROPPING ring of flight.
  4908 | Temple   | Entered the Ecumenical Temple
  5050 | Temple   | 5050 ||| PLANNING D:1-11
  5192 | D:7      | Identified the +0 scale mail of Faoph {rCorr}
  5215 | D:7      | 5215 ||| READING scroll labelled UPSICS UVUUFUM.
  5297 | D:7      | 5297 ||| DRINKING 3 potions of curing.
  5297 | D:7      | 5297 ||| (to cure confusion)
  5469 | D:7      | 5469 ||| READING scroll labelled VEMOTZ HIUHINT.
  5709 | D:8      | 5709 ||| Stepping ~*~*~tactically~*~*~ (outnumbered).
  5710 | D:8      | 5710 ||| Stepping ~*~*~tactically~*~*~ (outnumbered).
  5881 | D:8      | 5881 ||| FLEEEEING.
  5882 | D:8      | 5882 ||| FLEEEEING.
  6203 | D:8      | Found a basalt altar of Yredelemnul.
  6384 | D:8      | Found Edutyoxt's Assorted Antiques.
  6388 | D:8      | 6388 ||| BUYING scroll labelled SIAD DOJEILEUJ (23 gold).
  6388 | D:8      | Bought a scroll labelled SIAD DOJEILEUJ for 23 gold pieces
  6388 | D:8      | 6388 ||| BUYING scroll of teleportation (69 gold).
  6388 | D:8      | Bought a scroll of teleportation for 69 gold pieces
  6445 | D:8      | Reached skill level 11 in Ranged Weapons
  6595 | D:8      | Found a sparkling altar of Nemelex Xobeh.
  6620 | D:8      | Noticed a purple ugly thing
  6631 | D:8      | Killed a purple ugly thing
  6632 | D:8      | Reached XP level 10. HP: 41/65 MP: 10/10
  6891 | D:8      | 6891 ||| READING scroll labelled SIAD DOJEILEUJ.
  6892 | D:8      | 6892 ||| READING 3 scrolls of identify.
  6892 | D:8      | 6892 ||| IDENTIFYING blue potion
  6893 | D:8      | 6893 ||| READING 2 scrolls of identify.
  6893 | D:8      | 6893 ||| IDENTIFYING inky potion
  6894 | D:8      | 6894 ||| DROPPING potion of degeneration.
  6912 | D:8      | Found a broken altar of Ashenzari.
  6949 | D:9      | 6949 ||| Stepping ~*~*~tactically~*~*~ (outnumbered).
  6963 | D:9      | HP: 4/65 [orc priest/divine providence (15)]
  6964 | D:9      | 6964 ||| READING 4 scrolls of teleportation.
  6964 | D:9      | HP: 1/65 [something (3)]
  6966 | D:9      | 6966 ||| DRINKING 2 potions of curing.
  6966 | D:9      | 6966 ||| (to cure confusion)
  6976 | D:9      | 6976 ||| READING 3 scrolls of teleportation.
  6977 | D:9      | HP: 3/65 [something/ball of steam (5)]
  6985 | D:9      | HP: 4/65 [something (1)]
  6988 | D:9      | Killed from afar by an orc wizard

Levels and vault maps discovered:
D:1:      sevenhm_arrival_forest_fort_small_4, layout_loops_cross
D:2:      layout_loops_ring
D:3:      layout_basic, gammafunk_temple_overflow_wave
D:4:      layout_gridville, mainiacjoe_overflow_chevrons, serial_bayou_pond_e,
          uniq_natasha
D:5:      layout_rooms, serial_shops, shop
D:6:      layout_gridville, nicolae_ru_path_of_blood, corexii_shack
D:7:      layout_basic, minmay_temple_entry_crystal_x, st_stairs_8,
          grunt_tough_drop, uniq_maggie
D:8:      layout_basic, nicolae_overflow_hidden_temple, serial_shops,
          nicolae_shop_back_alley_shop, minivault_26
D:9:      layout_gridville, erik_lair_orcish_takeover, uniq_prince_ribbit1
Temple:   nicolae_temple_bog_church

Skill      XL: |  1  2  3  4  5  6  7  8  9 |
---------------+----------------------------+-----
Ranged Weapons | 5 6 7 8 10 11 | 11.5
Fighting       | 3 4 5 6 8 |  8.5
Armour         | 1 2 3 |  3.9
Dodging        | 2 4 |  4.0
Stealth        | |  1.1

Action                     |  1- 3 |  4- 6 |  7- 9 | 10-12 || total
---------------------------+-------+-------+-------+-------++-------
   Fire: Shortbow          |   111 |   127 |    52 |       ||   290
         Orcbow            |       |       |   297 |    28 ||   325
    Use: Scroll            |     5 |     7 |     5 |     5 ||    22
         Potion            |       |     2 |     3 |     1 ||     6
 Armour: Leather armour    |    30 |     5 |       |       ||    35
         Ring mail         |       |     5 |    33 |       ||    38
         Swamp dragon scal |       |       |    10 |       ||    10
         Robe              |       |       |    32 |    12 ||    44
  Dodge: Dodged            |    28 |    25 |   127 |    23 ||   203

Table legend:
 A = Non-vault XP
 B = Vault XP
 C = Vault XP percentage of total XP
 D = Non-vault monster count
 E = Vault monster count
 F = Vault count percentage of total count
                 A         B        C        D         E       F
            +---------+---------+-------+---------+---------+-------
      Total |    4363 |    1214 |  21.8 |     143 |      12 |   7.7
            +---------+---------+-------+---------+---------+-------
        D:1 |      49 |       0 |   0.0 |      29 |       0 |   0.0
        D:2 |      78 |       0 |   0.0 |      19 |       0 |   0.0
        D:3 |      26 |       0 |   0.0 |       7 |       0 |   0.0
        D:4 |     192 |      35 |  15.4 |       9 |       1 |  10.0
        D:5 |     472 |       0 |   0.0 |      17 |       0 |   0.0
        D:6 |     781 |     406 |  34.2 |      23 |       2 |   8.0
        D:7 |     879 |     226 |  20.5 |      14 |       4 |  22.2
        D:8 |    1886 |       0 |   0.0 |      25 |       0 |   0.0
        D:9 |       0 |     547 | 100.0 |       0 |       5 | 100.0
            +---------+---------+-------+---------+---------+-------
